 Dungeon Crawl Stone Soup version 0.19.0-18-g426998a (webtiles) character file.

407 lorenzova the Skirmisher (level 6, -3/57 HPs)
             Began as a Minotaur Berserker on Nov 12, 2016.
             Was a Priest of Trog.
             Slain by an orc wizard
             ... wielding a +2 dagger of venom
              (4 damage)
             ... on level 4 of the Dungeon.
             The game lasted 00:03:52 (2958 turns).

lorenzova the Skirmisher (Minotaur Berserker)       Turns: 2958, Time: 00:03:53

Health: -3/57      AC:  6    Str: 22    XL:     6   Next: 57%
Magic:  5/5        EV: 12    Int:  4    God:    Trog [***...]
Gold:   223        SH:  0    Dex: 11    Spells: 0 memorised, 5 levels left

rFire  . . .     SeeInvis .     C - -1 war axe (curse)
rCold  . . .     Gourm    .     x - +0 ring mail
rNeg   . . .     Faith    .     (no shield)
rPois  .         Spirit   .     (helmet restricted)
rElec  .         Reflect  .     (no cloak)
rCorr  .         Harm     .     (no gloves)
MR     .....                    (no boots)
Stlth  +.........               (no amulet)
                                F - ring of ice
                                A - ring of fire

@: lethally poisoned (-3 -> -14)
A: retaliatory headbutt, horns 2
a: Berserk, Trog's Hand, Burn Spellbooks, Renounce Religion


You were on level 4 of the Dungeon.
You worshipped Trog.
Trog was most pleased with you.
You were hungry.

You visited 1 branch of the dungeon, and saw 4 of its levels.

You collected 223 gold pieces.

Inventory:

Hand Weapons
 a - a +0 hand axe
 C - a cursed -1 war axe (weapon)
Armour
 b - a +0 animal skin
 x - a +0 ring mail (worn)
Jewellery
 A - a ring of fire (left hand)
 D - a +6 ring of intelligence
 F - a ring of ice (right hand)
Wands
 B - a wand of random effects (10/48)
Scrolls
 h - 2 scrolls of amnesia {unknown}
 i - a scroll of blinking {unknown}
 k - 3 scrolls of remove curse {unknown}
 m - 2 scrolls of recharging {unknown}
 o - a scroll of noise {unknown}
 p - 4 scrolls of identify {unknown}
 q - a scroll of enchant armour {unknown}
 s - a scroll of fog {unknown}
 t - a scroll of random uselessness {unknown}
 y - a scroll of teleportation {unknown}
Potions
 d - a potion of invisibility {unknown}
 e - a potion of curing {unknown}
 f - a potion of brilliance {unknown}
 g - 2 potions of cancellation {unknown}
 l - 3 potions of haste {unknown}
 r - a potion of degeneration {unknown}
 u - 2 potions of lignification {unknown}
 v - a potion of berserk rage {unknown}
 w - a potion of magic {unknown}
 z - a potion of cure mutation {unknown}
 E - a potion of might {unknown}
Comestibles
 c - 4 bread rations
 j - 2 slices of pizza
 n - 2 meat rations


   Skills:
 * Level 6.3 Fighting
 - Level 3.6 Axes
 * Level 5.5 Armour
 + Level 4.1 Dodging


You had 5 spell levels left.
You didn't know any spells.

Dungeon Overview and Level Annotations

Branches:
Dungeon (4/15)
 Temple: D:4-7

Altars:

Shops:
D:4 (


Innate Abilities, Weirdness & Mutations

You reflexively headbutt those who attack you in melee.
You have a pair of horns on your head.


Message History

You are poisoned.
Something hits you but does no damage.
You are more poisoned.
You miss something.
You feel very sick.
You hear some strange, mumbled words.
A puff of flame appears from out of thin air!
The puff of flame hits you!
* * * LOW HITPOINT WARNING * * *
You closely miss something. Your headbutt misses something.
* * * LOW HITPOINT WARNING * * *
You feel sick.
You hear some strange, mumbled words.
A puff of flame appears from out of thin air!
The puff of flame hits you!
* * * LOW HITPOINT WARNING * * *
You slash something!
* * * LOW HITPOINT WARNING * * *
You feel sick. Something hits you.
You die...

###########
#..@)o..... ..#
### #.#########
#.#
########.#####.#
#.#
.......<.......#
#.#
######.#.#######
#.# #.#.# #.#
#.#.### #.#
######.#...#
#<##
#..........#
#..#


You could see an orc.

Vanquished Creatures
  An orc warrior (D:4)
  An ogre (D:4)
  An orc priest (D:3)
  An orc wizard (D:4)
  Jessica (D:3)
  5 adders
  3 worms (D:2)
  3 dart slugs
  A leopard gecko (D:1)
  6 orcs (D:3)
  6 bats
  6 giant cockroaches
  4 goblins
  8 hobgoblins
  9 jackals
  10 kobolds
  3 quokkas
  A ball python (D:2)
  8 frilled lizards
  A quokka skeleton (D:4)
  8 rats
87 creatures vanquished.

Notes
Turn   | Place    | Note
-------+----------+-------------------------------------------
     0 | D:1      | lorenzova the Minotaur Berserker began the quest for the Orb.
     0 | D:1      | Reached XP level 1. HP: 19/19 MP: 0/0
    91 | D:1      | Reached XP level 2. HP: 19/27 MP: 1/1
   514 | D:1      | Reached skill level 4 in Fighting
   652 | D:2      | Reached XP level 3. HP: 11/33 MP: 2/2
   867 | D:2      | Reached ** piety under Trog
  1051 | D:2      | Reached XP level 4. HP: 29/41 MP: 3/3
  1922 | D:3      | Reached skill level 5 in Fighting
  2041 | D:3      | Reached *** piety under Trog
  2077 | D:3      | Reached XP level 5. HP: 39/48 MP: 4/4
  2162 | D:3      | Noticed Jessica
  2165 | D:3      | Killed Jessica
  2403 | D:4      | Found Qiareud's Weapon Emporium.
  2579 | D:4      | Noticed an ogre
  2584 | D:4      | Killed an ogre
  2584 | D:4      | Reached skill level 5 in Armour
  2584 | D:4      | Reached XP level 6. HP: 19/57 MP: 5/5
  2939 | D:4      | Noticed an orc warrior
  2951 | D:4      | Killed an orc warrior
  2951 | D:4      | Reached skill level 6 in Fighting
  2958 | D:4      | HP: 1/57 [poisoned by an orc wizard]
  2958 | D:4      | Slain by an orc wizard

Skill      XL: |  1  2  3  4  5  6 |
---------------+-------------------+-----
Fighting       | 4 5 6 |  6.3
Armour         | 3 4 5 |  5.5
Dodging        | 3 4 |  4.1
Axes           | |  3.6

Action                   |  1- 3 |  4- 6 || total
-------------------------+-------+-------++-------
Melee: Hand axe          |    83 |    72 ||   155
       Headbutt          |    13 |    14 ||    27
       War axe           |       |    38 ||    38
 Stab: Sleeping          |     1 |       ||     1
  Eat: Chunk             |       |     6 ||     6
Armor: Animal skin       |    14 |       ||    14
       Ring mail         |       |    12 ||    12
Dodge: Dodged            |    62 |    56 ||   118
